[Event "FIDE WTC Prel-B 2022"]
[Site "Jerusalem"]
[Date "2022.11.22"]
[Round "5.1"]
[White "Solomon, Kenny"]
[Black "Santos Latasa, Jaime"]
[Result "0-1"]
[ECO "D24"]
[WhiteElo "2355"]
[BlackElo "2665"]
[Annotator "TA"]
[PlyCount "92"]
[EventDate "2022.11.20"]
[EventType "team-tourn"]
[EventCountry "ISR"]
[SourceTitle "playchess.com"]
[Source "ChessBase"]
[SourceQuality "1"]
[WhiteTeam "South Africa"]
[BlackTeam "Spain"]
[WhiteTeamCountry "RSA"]
[BlackTeamCountry "ESP"]
[TimeControl "2700+10"]

1. d4 Nf6 2. c4 e6 3. Nf3 d5 4. Nc3 dxc4 5. e4 b5 (5... Bb4 {is more complex.} 6. Bg5 c5 7. Bxc4 cxd4 8. Nxd4 Qa5) 6. e5 {[%emt 0:00:01] Against a6. D24: Queen's Gambit Accepted: 3 Nf3 Nf6 4 Nc3.} Nd5 7. Nxb5 Nb6 8. Be2 {[%emt 0:00:02] White is slightly better.} Nc6 9. Be3 Be7 10. h4 Qd7 11. Nc3 Bb7 12. h5 {[%emt 0:03:28] [#]} f5 $146 ({Predecessor:} 12... Nb4 13. Kf1 O-O-O 14. b3 cxb3 15. axb3 Kb8 16. Na4 N6d5 17. Bd2 g5 18. Nc5 Bxc5 19. dxc5 {½-½ (36) Gukesh,D (2614)-Abdusattorov,N (2633) Warsaw 2021}) 13. exf6 gxf6 14. a3 O-O-O 15. Qc2 f5 16. O-O-O Na5 {[%emt 0:06:45] Inhibits d5.} 17. Ne5 Qe8 18. h6 ({White should try} 18. Rhg1 $1 $14) 18... Bd6 $1 $11 19. Bg5 (19. Rhg1 $11) 19... Be7 ({Black should play} 19... Bxe5 $1 $17 20. dxe5 Rxd1+ 21. Bxd1 (21. Rxd1 Bxg2 22. Kb1 Qc6 $11) 21... Qd7) 20. Bxe7 Qxe7 21. Kb1 Nb3 (21... Nc6 $1 $11 {keeps the balance.}) 22. Nxc4 (22. Bxc4 Nxd4 23. Rxd4 (23. Qd3 $2 Nf3 $19) 23... Rxd4 $17) (22. Nb5 $1 $16 Be4 23. Bd3 $1 (23. Nxa7+ Kb7 $11) 23... cxd3 24. Qxb3) 22... Nxd4 23. Qc1 (23. Qd3 $11 {remains equal.}) 23... Bxg2 24. Nxb6+ axb6 (24... cxb6 $2 25. Rhg1 (25. Nb5+ Kb8 $16) 25... Bc6 26. Rxd4 $1 Rxd4 27. Nb5 $18) 25. Ba6+ Kb8 {[%emt 0:02:38] Black is more active.} 26. Rhg1 Rhg8 $36 {[%emt 0:00:26][%mdl 2048] White is under strong pressure.} (26... Bf3 {looks sharper.} 27. Rg7 Qc5 28. Rd3 e5) 27. Qe3 Qf6 28. f3 $1 e5 {[%emt 0:00:08] Threatens to win with ...f4.} (28... Bxf3 $2 29. Rxg8 Bxd1 30. Rxd8+ Qxd8 31. Nxd1 $18) 29. f4 $2 {[%emt 0:00:06] [#]} (29. Qf2 $1 $15 Bh3 30. Rxg8 Rxg8 31. f4) 29... exf4 $1 $19 ({Worse is} 29... Qxh6 30. Qxe5 Qd6 31. Qxd6 Rxd6 32. Bf1 $17) 30. Qxf4 Ne6 (30... Rg4 $19 31. Qf2 Bf3) 31. Rxd8+ (31. Qf2 $17 Bc6 32. Rxg8 Rxg8 33. Bc4) 31... Rxd8 32. Qf2 (32. Qc1 $142 Bc6 33. Bc4) 32... Ba8 {[%emt 0:00:11] And now ...f4 would win.} 33. Rf1 (33. Bc4 $142) 33... Qxh6 $2 (33... f4 $19 {and Black stays clearly on top. aiming for ...f3.} 34. Bc4 f3) 34. Qxf5 $17 Rf8 35. Qd3 (35. Qe5 $17) 35... Nc5 $19 36. Rxf8+ Qxf8 37. Qf1 Qh8 38. Be2 h5 39. Qf7 h4 {[%emt 0:00:25] Strongly threatening ...h3.} 40. Nd5 Qd8 ({And not} 40... Bxd5 41. Qxd5 Na4 42. Qb3 Qh7+ 43. Bd3 $17) 41. Bf3 Bb7 42. Ka2 Qd7 43. Qf8+ (43. Qxd7 $142 Nxd7 44. Bg2) 43... Ka7 44. Nb4 Qe6+ 45. Kb1 Qe1+ 46. Ka2 Qf2 {[%emt 0:00:05] Weighted Error Value: White=0.57/Black=0.22 (precise)} 0-1

[Event "FIDE WTC Prel-B 2022"]
[Site "Jerusalem"]
[Date "2022.11.22"]
[Round "5.2"]
[White "Shirov, Alexei"]
[Black "Cawdery, Daniel"]
[Result "1-0"]
[ECO "B33"]
[WhiteElo "2666"]
[BlackElo "2396"]
[Annotator "TA"]
[PlyCount "61"]
[EventDate "2022.11.20"]
[EventType "team-tourn"]
[EventCountry "ISR"]
[SourceTitle "playchess.com"]
[Source "ChessBase"]
[SourceQuality "1"]
[WhiteTeam "Spain"]
[BlackTeam "South Africa"]
[WhiteTeamCountry "ESP"]
[BlackTeamCountry "RSA"]
[TimeControl "2700+10"]

1. e4 c5 2. Nf3 Nc6 3. d4 cxd4 4. Nxd4 Nf6 5. Nc3 e5 6. Ndb5 d6 7. Nd5 Nxd5 8. exd5 Nb8 9. a4 Be7 {[%emt 0:00:13] B33: Sicilian: Pelikan and Sveshnikov Variations.} 10. Bd2 a6 11. Na3 O-O {[%emt 0:04:01] The position is equal.} 12. Nc4 a5 13. Be2 Nd7 14. O-O Nc5 15. f4 exf4 16. Bxf4 b6 17. c3 {[%emt 0:00:00][%cal Bc2c3,Bc3b4,Bb4b5][%mdl 32] [#]} Ba6 $146 ({Predecessor:} 17... f5 18. Be3 Ba6 19. Qc2 Bg5 20. Bd4 g6 21. b4 Bxc4 22. Bxc4 Nd7 23. Bb5 Bf6 {0-1 (71) Niemann,H (2645)-Salem,A (2690) Warsaw 2021}) 18. b4 (18. Ne3 {simplifies} Bxe2 19. Qxe2 f5 20. Nc4) 18... axb4 (18... Bxc4 $11 19. Bxc4 Ne4) 19. cxb4 $14 Bxc4 20. Bxc4 Nd7 21. Bb5 {[%emt 0:00:00] White is more active.} Ne5 22. Bc6 Nxc6 {[%emt 0:03:36] [#] This costs Black the game.} (22... Rc8 $14) 23. dxc6 $18 d5 24. b5 Bc5+ 25. Kh1 Re8 26. Bg3 Ra7 27. Qf3 d4 28. Rad1 ({Much less strong is} 28. c7 Qd7 29. a5 h5 30. axb6 Rxa1) 28... f6 (28... Ree7 {was worth a try.} 29. Qb3 Qe8) 29. Rfe1 {[%emt 0:00:00] [#] Threatens to win with c7.} Rae7 (29... Rxe1+ $2 30. Rxe1 Kf8 31. c7 $18) 30. Rxe7 Rxe7 (30... Qxe7 $142 31. a5 f5) 31. a5 {[%emt 0:00:00] Weighted Error Value: White=0.18 (very precise) /Black=0.48} 1-0

[Event "FIDE WTC Prel-B 2022"]
[Site "Jerusalem"]
[Date "2022.11.22"]
[Round "5.3"]
[White "Barrish, Daniel"]
[Black "Yuffa, Daniil"]
[Result "0-1"]
[ECO "E32"]
[WhiteElo "2257"]
[BlackElo "2587"]
[Annotator "TA"]
[PlyCount "102"]
[EventDate "2022.11.20"]
[EventType "team-tourn"]
[EventCountry "ISR"]
[SourceTitle "playchess.com"]
[Source "ChessBase"]
[SourceQuality "1"]
[WhiteTeam "South Africa"]
[BlackTeam "Spain"]
[WhiteTeamCountry "RSA"]
[BlackTeamCountry "ESP"]
[TimeControl "2700+10"]

1. d4 Nf6 2. c4 e6 3. Nc3 Bb4 4. Qc2 d6 5. e3 O-O 6. Bd3 {[%emt 0:00:04] E32: Nimzo-Indian: Classical (4 Qc2): 4...0-0.} e5 7. Nge2 Re8 8. a3 {[%emt 0:00:11] White is slightly better.} (8. O-O {simplifies} Bxc3 9. Qxc3 e4 10. Bc2) 8... Bxc3+ {[%emt 0:00:22] [#]} 9. Qxc3 $146 ({Predecessor:} 9. Nxc3 c6 10. O-O Nbd7 11. b4 Qe7 12. dxe5 dxe5 13. c5 Nf8 14. f3 Be6 15. Re1 {0-1 (36) Esquivia Cuadrado,F (2000)-Valle,L (2120) Cali 2014}) 9... exd4 10. exd4 Bg4 11. f3 {[%emt 0:00:48] Prevents d5.} Bh5 12. O-O Bg6 13. Ng3 Nbd7 14. Bf4 a6 (14... b5 $11) 15. Rae1 $14 Nf8 16. Bxg6 hxg6 17. d5 b5 18. b3 bxc4 19. bxc4 Rb8 20. Ne2 Nh5 (20... c6 $11) 21. Be3 Nd7 (21... Qd7 $14) 22. Nd4 Qf6 23. Qd2 Ne5 $1 24. Rc1 Qe7 25. Rfe1 {[%emt 0:02:24] With the idea f4.} Qd7 26. f4 Ng4 27. Nc6 Rb3 28. Bd4 {[%emt 0:00:47] Threatens to win with Rxe8+.} Kh7 29. Rxe8 Qxe8 30. Re1 {[%emt 0:10:55] Inhibits Qe4.} ({Not} 30. Qd1 $2 Re3 31. g3 (31. Qxg4 $2 Re1+ 32. Kf2 Rxc1 $19) (31. h3 $2 Qe4 $19) 31... f5 $19) 30... Rd3 31. Qc1 $36 {[%emt 0:01:27][%mdl 2048] White is pushing.} (31. Qxd3 $2 {too greedy.} Qxe1+ 32. Qf1 Qd2 $19) 31... Qd7 {[%emt 0:00:17] aiming for ...Qf5.} 32. h3 $1 Nh6 33. Be3 Qf5 34. Nb4 (34. Nd4 $1 $14 Qd7 35. Nf3) 34... Rb3 $15 35. Nxa6 Qf6 ({Better is} 35... Ng3 $1 $15 36. Kh2 (36. Nxc7 Qd3 $19) 36... Ne4) 36. Nxc7 $11 Nf5 $2 (36... Rb2 $1 $11 {and Black is okay.}) 37. Bf2 $18 Nfg3 {[%emt 0:01:28] [#]} 38. Ne8 (38. Kh2 $1 $18) 38... Qh4 $2 (38... Qd8 $16 {was worth a try.}) 39. Nxd6 $4 (39. Re3 $18 {and life is good for White.} Qxf4 40. Qe1) 39... Nxf4 $19 {[%emt 0:00:17][%cal Ob3f3,Bh5f4,Bf4e2,Be2c1,Bc1d3][%mdl 32] White must now prevent ...Rf3!} 40. Ne4 $2 (40. Nxf7 Nfe2+ 41. Rxe2 Nxe2+ 42. Kf1 Qxf2+ 43. Kxf2 Nxc1 44. a4) 40... Nfe2+ {[%emt 0:01:18] Pair of Knights! Black is clearly winning.} 41. Kh2 Nxc1 42. Bxg3 {[%emt 0:00:02] [#]} Rxg3 $1 43. Nxg3 Nd3 44. Re4 Qf6 45. Re3 Qd4 46. Re4 Qf2 47. Re2 Qf4 48. Re4 Qd6 49. Rd4 Nc5 50. Rg4 f5 51. Rh4+ Kg8 {[%emt 0:00:01] Weighted Error Value: White=0.50/Black=0.22 (precise)} 0-1

[Event "FIDE WTC Prel-B 2022"]
[Site "Jerusalem"]
[Date "2022.11.22"]
[Round "5.4"]
[White "Santos Ruiz, Miguel"]
[Black "Mhango, Banele"]
[Result "1-0"]
[ECO "B81"]
[WhiteElo "2587"]
[BlackElo "2210"]
[Annotator "TA"]
[PlyCount "49"]
[EventDate "2022.11.20"]
[EventType "team-tourn"]
[EventCountry "ISR"]
[SourceTitle "playchess.com"]
[Source "ChessBase"]
[SourceQuality "1"]
[WhiteTeam "Spain"]
[BlackTeam "South Africa"]
[WhiteTeamCountry "ESP"]
[BlackTeamCountry "RSA"]
[TimeControl "2700+10"]

1. e4 c5 2. Nf3 d6 3. d4 cxd4 4. Nxd4 Nf6 5. Nc3 a6 6. h3 e6 7. g4 h6 {[%emt 0:00:51] B81: Sicilian Scheveningen: Keres Attack.} 8. a3 Be7 9. Be3 {[%emt 0:05:34] [#]} g5 $146 {[%emt 0:01:37] White is slightly better.} ({Predecessor:} 9... Nc6 10. Rg1 Nd7 11. Be2 g5 12. Qd2 Nce5 13. O-O-O b5 14. h4 Bb7 15. hxg5 hxg5 {1-0 (34) Caruana,F (2800)-Chigaev,M (2639) Riga 2021}) 10. h4 Rg8 11. hxg5 hxg5 12. f3 Nfd7 13. Qd2 {[%emt 0:00:18] White has more active pieces.} Ne5 14. O-O-O Nbd7 15. Rh6 Nb6 (15... Qc7 $16) 16. Nf5 $18 Nbc4 $2 (16... exf5 $16 17. exf5 Nbd7) 17. Bxc4 Nxc4 {[%emt 0:00:02] [#]} 18. Qd4 (18. Qe2 $1 $18 b5 19. Nxe7 Qxe7 20. Bd4) 18... Nxe3 (18... b5 $16) 19. Qxe3 (19. Nxe3 Bd7 20. Nc4 Qc7 $16) 19... Qc7 20. Nxe7 Kxe7 {[%emt 0:00:10] [#]} (20... Qxe7 {is a better defense.} 21. Qb6 Qd8) 21. Rd5 $3 {[%emt 0:02:34][%cal Oe4e5][%mdl 512] e5! is the strong threat.} Bd7 {[%emt 0:02:27] Prevents e5.} 22. Rxg5 {[%emt 0:01:17][%cal Oc3d5] White wants to mate with Nd5+!} ({But not} 22. Qd4 Raf8 23. Qf6+ (23. e5 dxe5 24. Rxe5 Qd6 $16) 23... Ke8 $18) 22... Qc4 {[%emt 0:09:46] [#] Prevents Nd5+.} (22... Raf8 23. Rd5 Kd8) 23. Nd5+ $1 {[%emt 0:25:39][%mdl 512] White is clearly winning.} exd5 24. exd5+ Be6 25. Rxe6+ {[%emt 0:00:00] Black did not feel at home in the position after the opening.   Weighted Error Value: White=0.41/Black=0.73} 1-0

[Event "FIDE WTC Prel-B 2022"]
[Site "Jerusalem"]
[Date "2022.11.22"]
[Round "5.5"]
[White "Lu, Shanglei"]
[Black "Vachier-Lagrave, Maxime"]
[Result "1/2-1/2"]
[ECO "B90"]
[WhiteElo "2605"]
[BlackElo "2736"]
[Annotator "TA"]
[PlyCount "76"]
[EventDate "2022.11.20"]
[EventType "team-tourn"]
[EventCountry "ISR"]
[SourceTitle "playchess.com"]
[Source "ChessBase"]
[SourceQuality "1"]
[WhiteTeam "China"]
[BlackTeam "France"]
[WhiteTeamCountry "CHN"]
[BlackTeamCountry "FRA"]
[TimeControl "2700+10"]

1. e4 c5 2. Nf3 d6 3. d4 cxd4 4. Nxd4 Nf6 5. Nc3 a6 6. Be3 Ng4 7. Bc1 Nf6 8. f3 e5 9. Nb3 Be6 10. Be3 h5 11. Qd2 Nbd7 12. Nd5 {[%emt 0:00:06] B90: Sicilian Najdorf: Unusual White 6th moves, 6 Be3 Ng4 and 6 Be3 e5.} Bxd5 13. exd5 g6 14. O-O-O {[%emt 0:00:07] White has an edge.} Nb6 15. Kb1 Nbxd5 16. Bg5 Be7 $1 17. c4 {[%emt 0:00:03][%mdl 1024] White has compensation. 17.Bd3 is a critical line.} (17. Na5 {with more complications.} Qc7 18. Bc4 Rc8 19. Bb3) 17... Nb6 18. Na5 O-O 19. h4 $36 {[%emt 0:00:14][%mdl 2048] White has the initiative.} d5 {[%emt 0:03:28] Against g4} 20. g4 dxc4 21. Qc2 Qc7 22. Bxf6 Bxf6 23. gxh5 e4 24. hxg6 {[%emt 0:00:03] [#]} c3 $146 (24... exf3 $11 {remains equal.} 25. Rg1 (25. Nxc4 Rac8 $15) (25. Bxc4 $2 Nxc4 26. gxf7+ Rxf7 $19) 25... Bg7) ({Predecessor:} 24... exf3 25. gxf7+ Qxf7 26. Rg1+ Kh8 27. Rg6 Qh7 28. h5 f2 29. Qxf2 Qxh5 30. Qc2 Rad8 31. Be2 Rxd1+ 32. Bxd1 {½-½ (30) Bokar,J (2540)-Olofsson,D (2512) ICCF email 2018}) 25. Qxe4 ({White should try} 25. fxe4 $16 {Strongly threatening Rg1.} Rad8 26. gxf7+ Rxf7 27. Rxd8+ Qxd8 28. Nc4 (28. bxc3 Qc7 $11)) 25... Rae8 $11 ({Not} 25... cxb2 26. Bd3 Rae8 27. Qf5 fxg6 28. Rhg1 $18 (28. Qxg6+ Qg7 $16) (28. Qxg6+ Qg7 $14)) 26. gxf7+ (26. Qxb7 {gets mated.} c2+ 27. Kc1 cxd1=Q+ 28. Kxd1 Qd6+) 26... Qxf7 27. Qg4+ Kh8 28. Bd3 $1 {[%emt 0:02:07] [#] And now Bg6 would win.} (28. Nc4 c2+ 29. Kxc2 Rc8 $17) 28... Re5 (28... cxb2 $2 29. Bg6 $18) 29. Qf4 (29. Nc4 $1 $11 {keeps the balance.} c2+ 30. Kxc2) 29... Bg7 (29... Rxa5 $2 30. Qh6+ Kg8 31. Rdg1+ $18) (29... Rh5 $17 {aiming for ...Nd5.} 30. Rhg1 Nd5) 30. Qxf7 {[%emt 0:01:42] Dancing on a razor blade. The position is equal.} Rxf7 31. Nc4 c2+ 32. Kxc2 Rc5 33. Kb3 Rb5+ 34. Kc2 Nxc4 35. Bxc4 Rxb2+ 36. Kd3 Rxf3+ 37. Ke4 Rf8 38. Rd5 {[%emt 0:00:16] [#] Threatens to win with Rh5+.} Rb6 {[%emt 0:00:16] Weighted Error Value: White=0.08 (flawless) /Black=0.07 (flawless)} 1/2-1/2

[Event "FIDE WTC Prel-B 2022"]
[Site "Jerusalem"]
[Date "2022.11.22"]
[Round "5.6"]
[White "Moussard, Jules"]
[Black "Xu, Xiangyu"]
[Result "1-0"]
[ECO "B92"]
[WhiteElo "2676"]
[BlackElo "2577"]
[Annotator "TA"]
[PlyCount "139"]
[EventDate "2022.11.20"]
[EventType "team-tourn"]
[EventCountry "ISR"]
[SourceTitle "playchess.com"]
[Source "ChessBase"]
[SourceQuality "1"]
[WhiteTeam "France"]
[BlackTeam "China"]
[WhiteTeamCountry "FRA"]
[BlackTeamCountry "CHN"]
[TimeControl "2700+10"]

1. e4 c5 2. Nf3 d6 3. d4 cxd4 4. Nxd4 Nf6 5. Nc3 a6 6. Be2 e5 7. Nb3 Be7 8. O-O O-O 9. Re1 Be6 {[%emt 0:00:39] B92: Sicilian Najdorf: 6 Be2.} 10. Be3 Nbd7 11. a4 Qc7 {[%emt 0:01:17] The position is equal.} 12. a5 Rfc8 13. Bf3 h6 14. h3 Rab8 {[%emt 0:02:52] 14...Qc6 is not played anymore.} 15. Ba7 Ra8 16. Be3 Rab8 {[%emt 0:00:08] is the new trend.} 17. Nd2 Bf8 {[%emt 0:00:26] [#]} 18. Qe2 $146 ({Predecessor:} 18. Nf1 b5 19. axb6 Nxb6 20. Rxa6 Nc4 21. Ra7 Qd8 22. b3 Nxe3 23. Rxe3 d5 24. exd5 {1-0 (54) Sevian,S (2684)-Hakobyan,A (2601) Saint Louis 2022}) 18... Qd8 19. Rec1 Qe8 20. Kh2 Be7 21. g3 Bd8 22. Bg2 b6 23. f4 (23. axb6 $11 Bxb6 24. Bxb6 Rxb6 25. Nd5 Bxd5 26. exd5) 23... exf4 $15 24. gxf4 Nf8 (24... bxa5 $17 25. Rcb1 Rb4) 25. axb6 $11 Bxb6 26. Rxa6 Bxe3 27. Qxe3 Rxb2 28. Rxd6 Ng6 29. e5 Nh5 30. Ne2 {[%emt 0:00:23] Black must now prevent Qf3.} Nh4 {[%emt 0:06:30] Prevents Qf3.} (30... Rbxc2 $2 31. Rxc2 Rxc2 32. Bf3 Nhxf4 33. Nxf4 $18) 31. Nd4 Nxg2 32. Kxg2 Rd8 33. Kh2 (33. Kg1 {looks sharper.} Bd5 34. Re1 Qf8 35. c4) 33... Bd5 {[%emt 0:00:36] [#]} ({Black should try} 33... Qf8 $14) 34. Rxd8 (34. Nf5 $1 $16) 34... Qxd8 35. Rg1 Kh8 36. f5 Qc7 {[%emt 0:00:11] Prevents f6.} 37. Re1 f6 38. Kg1 fxe5 39. Qxe5 Qxe5 40. Rxe5 Nf6 41. Kf2 Kg8 42. Re7 Ra2 43. Rc7 Ra3 44. c3 Ra2 45. Ke3 Bg2 {[%emt 0:00:13] ...Nd5+ is the strong threat.} 46. Rc8+ Kf7 $1 47. N2f3 Nd5+ 48. Ke4 Ra5 49. c4 Nf6+ 50. Kf4 {[%emt 0:00:01] aiming for Ne5+.} Nh5+ 51. Kg4 {[%emt 0:00:10] And now Rc7+ would win.} Nf6+ 52. Kg3 Bxf3 53. Kxf3 $14 {[%emt 0:00:01][%mdl 4096] Endgame KRN-KRN} (53. Rc7+ $16 Kg8 54. Kxf3) 53... Ra3+ 54. Kf4 Rxh3 55. Rc7+ Kg8 56. Ne6 Rh4+ 57. Kf3 {[%emt 0:00:08] White is much more active.} Rh3+ ({Black should play} 57... Ne8 $14 58. Re7 Rxc4) 58. Kf4 (58. Kg2 $18 Rh5 59. c5 (59. Rxg7+ Kh8 $16) 59... Rxf5 60. Rxg7+ Kh8 61. c6) 58... Rh4+ 59. Kg3 Rh5 $2 (59... Rg4+ $14 60. Kh3 g5) 60. Rxg7+ $18 ({Inferior is} 60. Nxg7 Rg5+ 61. Kf4 Rxg7 $15) 60... Kh8 61. Kf4 {[%emt 0:00:09] White wants to mate with Ke5.} Rh4+ 62. Ke5 {[%emt 0:00:03] White mates.} Ng4+ {[%emt 0:00:05] [#]} 63. Rxg4 $1 Rxg4 {[%emt 0:00:02] KR-KN} 64. c5 h5 65. c6 h4 66. f6 Kg8 67. Kd6 Ra4 68. Ke7 Ra8 69. f7+ Kh8 70. Nd8 {[%emt 0:00:45] Weighted Error Value: White=0.16 (very precise) /Black=0.14 (very precise)} 1-0

[Event "FIDE WTC Prel-B 2022"]
[Site "Jerusalem"]
[Date "2022.11.22"]
[Round "5.7"]
[White "Bai, Jinshi"]
[Black "Gharamian, Tigran"]
[Result "1/2-1/2"]
[ECO "D31"]
[WhiteElo "2569"]
[BlackElo "2601"]
[Annotator "TA"]
[PlyCount "60"]
[EventDate "2022.11.20"]
[EventType "team-tourn"]
[EventCountry "ISR"]
[SourceTitle "playchess.com"]
[Source "ChessBase"]
[SourceQuality "1"]
[WhiteTeam "China"]
[BlackTeam "France"]
[WhiteTeamCountry "CHN"]
[BlackTeamCountry "FRA"]
[TimeControl "2700+10"]

1. c4 e6 2. Nc3 d5 3. d4 a6 4. cxd5 exd5 5. Qb3 Bd6 6. Nf3 {[%emt 0:00:39] D31: Queen's Gambit Declined: Semi-Slav without ...Nf6 (+ Marshall Gambit and Noteboom) and Exchange Variation lines without ...Nf6.} Ne7 7. Bg5 (7. Nxd5 $2 Nxd5 8. e4 Nb6 $19) 7... Nbc6 8. e3 Be6 9. Bd3 (9. Qxb7 $2 Na5 10. Bxe7 Bxe7 11. Bb5+ Kf8 $19) 9... O-O {[%emt 0:01:07] [#]} 10. O-O $146 (10. Qxb7 $2 {perishes.} Na5 $19) ({Predecessor:} 10. a3 Qd7 11. Qc2 h6 12. Bh4 Nf5 13. O-O Nxh4 14. Nxh4 Ne7 15. Na4 {½-½ (48) Matlakov,M (2714)-Timofeev,A (2555) Sochi 2017}) 10... Qd7 11. Bh4 (11. Qxb7 $2 Rfb8 $19) 11... Nf5 12. Bxf5 (12. Qxb7 $2 {loses.} Nxh4 13. Nxh4 Rfb8 $19) 12... Bxf5 13. Nxd5 (13. Rac1 {simplifies} Rab8 14. Bg3 Bxg3 15. hxg3 Rfd8 16. Na4) 13... Be6 $1 {[%emt 0:00:32] And now ...Bxd5 would win. This pair of bishops is nice.} 14. e4 Nb4 {[%emt 0:04:26][%mdl 64] [#]} 15. Ne5 Bxe5 16. Qxb4 Bd6 17. Qc3 (17. Qxb7 $2 {too greedy.} Rfb8 $19) 17... Bxd5 18. exd5 Qb5 19. Qb3 Rfe8 (19... Qxb3 {simplifies} 20. axb3 Rfe8 21. Rfe1 h6) 20. Rfe1 Qxb3 21. axb3 Rxe1+ 22. Rxe1 $11 {[%emt 0:00:02][%mdl 4096] Endgame KRB-KRB. The position is equal.} Kf8 23. Kf1 f6 24. Bg3 Bxg3 25. hxg3 {[%emt 0:00:01] KR-KR} Rd8 26. Rc1 Rxd5 27. Rxc7 Rxd4 28. Rxb7 Rd2 29. Ra7 Rxb2 30. Rxa6 Rxb3 {[%emt 0:00:01] Weighted Error Value: White=0.06 (flawless) /Black=0.04 (flawless)} 1/2-1/2

[Event "FIDE WTC Prel-B 2022"]
[Site "Jerusalem"]
[Date "2022.11.22"]
[Round "5.8"]
[White "Lagarde, Maxime"]
[Black "Li, Di"]
[Result "0-1"]
[ECO "D35"]
[WhiteElo "2573"]
[BlackElo "2539"]
[Annotator "TA"]
[PlyCount "78"]
[EventDate "2022.11.20"]
[EventType "team-tourn"]
[EventCountry "ISR"]
[SourceTitle "playchess.com"]
[Source "ChessBase"]
[SourceQuality "1"]
[WhiteTeam "France"]
[BlackTeam "China"]
[WhiteTeamCountry "FRA"]
[BlackTeamCountry "CHN"]
[TimeControl "2700+10"]

1. d4 Nf6 2. c4 e6 3. Nc3 d5 4. cxd5 exd5 5. Bg5 c6 6. e3 h6 7. Bh4 Be7 8. Bd3 O-O 9. Nge2 {[%emt 0:00:01] is more profitable than 9.Qc2 at the moment. D35: Queen's Gambit Declined: Exchange Variation.} Ne8 10. Bg3 Nd6 11. O-O {[%emt 0:00:06] White is slightly better.} Re8 {[%emt 0:00:23] [#]} 12. Bf4 $146 ({Predecessor:} 12. Qc2 Bf8 13. Rad1 a5 14. a3 Nd7 15. h3 Nf6 16. Be5 Nfe4 17. Bxe4 dxe4 18. Ng3 {½-½ (30) Nisipeanu,L (2615)-Moussard,J (2686) Germany 2022}) 12... Bf5 13. Bxd6 Bxd3 14. Bxe7 Bxe2 15. Bxd8 Bxd1 16. Rfxd1 {[%emt 0:00:16] [#] Threatens to win with Bc7.} Rxd8 17. b4 a6 18. Rab1 Nd7 19. Na4 b5 20. Nc5 Nxc5 $1 21. dxc5 $11 {[%emt 0:00:03][%mdl 4096] Endgame KRR-KRR} a5 22. a3 Re8 23. Rd4 axb4 24. axb4 h5 25. h4 f5 26. Rb2 Kf7 27. Kf1 Kf6 28. Ke2 Ra1 29. f3 (29. Rbd2 $15 {is more appropriate.}) 29... Rc1 $17 {[%emt 0:08:00] Black is more active.} 30. Kf2 (30. Rbd2 $142) 30... Ra8 (30... Rc3 $142 31. Re2 Ra8) 31. g4 (31. Rd3 $17) 31... hxg4 32. fxg4 g6 (32... Rc4 $142 33. Kf3 Ra3 34. Rxc4 bxc4 35. gxf5 Rb3) 33. gxf5 (33. Rf4 $17 {was called for.}) 33... gxf5 $19 ({Stronger than} 33... Kxf5 34. Rf4+ Ke5 35. Rg4 $15) 34. Kf3 (34. Re2 $142) 34... Rh1 {[%emt 0:02:54] And now ...Rh3+ would win.} 35. Kg2 {[%emt 0:01:53] Against Rh3} (35. Rg2 {was worth a try.}) 35... Raa1 36. Rf4 Rag1+ 37. Kf2 Rg8 {[%emt 0:00:39] ( -> ...Rh2+)} 38. Rb3 Rh2+ 39. Kf3 $2 {[%emt 0:00:09] [#]} (39. Kf1 $19) 39... Rhg2 {[%emt 0:00:10] Weighted Error Value: White=0.46/Black=0.10 (very precise)} 0-1